 Dungeon Crawl Stone Soup version 0.19.1-28-ge1247f7 (webtiles) character file.

626 ImaNewbie the Sneak (level 7, -6/45 HPs)
             Began as an Octopode Transmuter on Jan 21, 2017.
             Was an Initiate of Cheibriados.
             Mangled by a worker ant (7 damage)
             ... on level 3 of the Dungeon.
             The game lasted 00:11:54 (5038 turns).

ImaNewbie the Sneak (Octopode Transmuter)           Turns: 5038, Time: 00:11:54

Health: -6/45      AC:  8    Str: 11    XL:     7   Next: 47%
Magic:  10/10      EV: 14    Int: 16    God:    Cheibriados [......]
Gold:   197        SH:  0    Dex: 17    Spells: 3 memorised, 4 levels left

rFire  . . .     SeeInvis .     h - +2 short sword (protect)
rCold  . . .     Gourm    +     (no shield)
rNeg   . . .     Faith    .     (helmet restricted)
rPois  .         Spirit   .     m - amulet of the gourmand
rElec  .         Reflect  .     B - +2 ring of dexterity
rCorr  .         Harm     .     (no ring)
MR     .....                    (no ring)
Stlth  +++++.....               (no ring)
                                (no ring)
                                (no ring)
                                (no ring)
                                (no ring)

@: appendage (expiring), protection aura, very slow
A: almost no armour, stealthy swim, amphibious, 8 rings, constrict 8, tentacle
spike 3, camouflage 1, gelatinous body 1
a: End Transformation, Bend Time, Renounce Religion


You were on level 3 of the Dungeon.
You worshipped Cheibriados.
Cheibriados was noncommittal.
You were completely stuffed.
One of your tentacles had a temporary spike.
You visited 2 branches of the dungeon, and saw 5 of its levels.

You collected 197 gold pieces.

Inventory:

Hand Weapons
 h - a +2 short sword of protection (weapon)
 A - a +0 vampiric dagger
Missiles
 a - 28 arrows
Jewellery
 m - an amulet of the gourmand (around mantle)
 B - a +2 ring of dexterity (left tentacle)
Scrolls
 e - 2 scrolls of enchant armour
 g - a scroll of identify {unknown}
 j - 2 scrolls of random uselessness {unknown}
 k - a scroll of immolation {unknown}
 l - a scroll of fear {unknown}
 n - 4 scrolls of remove curse
 q - a scroll of magic mapping {unknown}
 t - a scroll of blinking {unknown}
 u - a scroll of teleportation {unknown}
 v - a scroll of noise {unknown}
 w - 2 scrolls of recharging {unknown}
Potions
 f - 2 potions of curing
 o - a potion of resistance {unknown}
 p - 2 potions of haste {unknown}
 s - 2 potions of flight {unknown}
 x - a potion of degeneration {unknown}
 z - a potion of invisibility {unknown}
Books
 b - a book of Changes

   Spells                             Type                      Level
   a - Beastly Appendage              Transmutation                1
   b - Sticks to Snakes               Transmutation                2
   c - Spider Form                    Transmutation/Poison         3
   d - Ice Form                       Ice/Transmutation            4
   e - Blade Hands                    Transmutation                5
Comestibles
 c - 4 bread rations
 d - 2 beef jerkies
 i - a royal jelly
 r - a meat ration
 C - 6 chunks of flesh


   Skills:
 - Level 2.4 Fighting
 - Level 2.0 Dodging
 + Level 6.8 Stealth
 - Level 4.0 Unarmed Combat
 - Level 2.0 Spellcasting
 + Level 5.2 Transmutations


You had 4 spell levels left.
You knew the following spells:

 Your Spells              Type           Power        Failure   Level  Hunger
a - Beastly Appendage     Tmut           ###...       2%          1    #......
b - Sticks to Snakes      Tmut           ###.....     4%          2    ###....
c - Spider Form           Tmut/Pois      ##........   21%         3    ###....


Dungeon Overview and Level Annotations

Branches:
Dungeon (4/15)             Temple (1/1) D:4

Altars:
Ashenzari
Cheibriados
Dithmenos
Elyvilon
Fedhas
Gozag
Hepliaklqana
Kikubaaqudgha
Makhleb
Nemelex Xobeh
Okawaru
Qazlal
Ru
Sif Muna
Trog
Uskayaw
Vehumet
Xom
Yredelemnul
Zin
The Shining One


Innate Abilities, Weirdness & Mutations

You cannot wear most types of armour.
You are very stealthy in the water. (Stealth+)
You are amphibious.
You can wear up to eight rings at the same time.
You can use your tentacles to constrict eight enemies at once.
Your skin changes colour to match your surroundings (Stealth+).
Your rubbery body absorbs attacks. (AC +1, EV +1)
One of your tentacles bears a large vicious spike.


Message History

* * * LOW HITPOINT WARNING * * *
You hit the mummy.
Your weapon exudes an aura of protection.
You grab the mummy.
The mummy is lightly damaged.
You constrict the mummy.
* * * LOW HITPOINT WARNING * * *
You feel sick. The worker ant closely misses you.
It was a potion of curing.
You feel better.
f - 2 potions of curing;
n - 4 scrolls of remove curse You constrict the mummy.
The worker ant misses you. The mummy hits you!
* * * LOW HITPOINT WARNING * * *
You barely miss the mummy.
You pierce the mummy, but do no damage.
You squeeze the mummy!
The mummy is almost destroyed.
You constrict the mummy.
You destroy the mummy!
The worker ant waves its antennae.
The worker ant closely misses you. The worker ant bites you!
You die...

#######.##.#
########a@/.......#
#..)....)#####.##.########
#.######## #.##.........
#.# #.##########. #.# #.#
#. #.# #.# #. #.#
#########.# #. #.#
#.........# #. #.#
#..######## #. #.# ##.# #.
#.# #.# #. #.#
###.#################. #.#
#...............[.....
#.###.#.######.##########.
#...#.#.## #.# #####.
###.#.#).#####.######.....


You could see a worker ant.

Vanquished Creatures
  2 phantoms (D:4)
  A howler monkey (D:3)
  2 orc wizards (D:4)
  An iguana (D:4)
  Jessica (D:3)
  Natasha (thrice) (D:3)
  A worker ant (D:3)
  A mummy (D:3)
  3 gnolls (D:3)
  6 adders
  3 oozes
  A worm (D:2)
  4 dart slugs
  2 leopard geckos
  5 orcs
  6 ball pythons
  9 bats
  2 giant cockroaches
  7 goblins
  7 hobgoblins
  10 kobolds
  2 quokkas
  8 frilled lizards
  A kobold zombie (D:4)
  9 rats
97 creatures vanquished.

Vanquished Creatures (collateral kills)
  A slave (D:3)
1 creature vanquished.

Vanquished Creatures (others)
  An orc wizard (D:4)
1 creature vanquished.

Grand Total: 99 creatures vanquished

Notes
Turn   | Place    | Note
-------+----------+-------------------------------------------
     0 | D:1      | ImaNewbie the Octopode Transmuter began the quest for the Orb.
     0 | D:1      | Reached XP level 1. HP: 13/13 MP: 3/3
    90 | D:1      | Reached XP level 2. HP: 13/18 MP: 5/5
   976 | D:1      | Reached XP level 3. HP: 24/24 MP: 6/6
  1173 | D:2      | Found a faded altar of an unknown god.
  1573 | D:2      | Reached XP level 4. HP: 30/30 MP: 5/7
  1604 | D:2      | Reached skill level 1 in Stealth
  2018 | D:2      | Reached skill level 2 in Stealth
  2373 | D:3      | Noticed Natasha
  2380 | D:3      | Killed Natasha
  2380 | D:3      | Reached XP level 5. HP: 35/35 MP: 6/8
  2408 | D:3      | Reached skill level 3 in Stealth
  2925 | D:3      | Noticed Jessica
  2936 | D:3      | Killed Jessica
  2936 | D:3      | Reached skill level 4 in Stealth
  2948 | D:3      | Noticed Natasha
  2957 | D:3      | Killed Natasha
  2957 | D:3      | Reached XP level 6. HP: 28/41 MP: 7/9
  2974 | D:3      | Learned a level 2 spell: Sticks to Snakes
  2978 | D:3      | Learned a level 3 spell: Spider Form
  3052 | D:3      | Noticed Natasha
  3063 | D:3      | Killed Natasha
  3269 | D:4      | Noticed a phantom
  3492 | D:4      | Killed a phantom
  3492 | D:4      | Reached skill level 5 in Stealth
  3629 | D:4      | Noticed a phantom
  3663 | D:4      | Killed a phantom
  3663 | D:4      | Reached skill level 6 in Stealth
  3663 | D:4      | Reached XP level 7. HP: 39/45 MP: 10/10
  4420 | D:4      | Found a staircase to the Ecumenical Temple.
  4427 | Temple   | Entered the Ecumenical Temple
  4569 | Temple   | Became a worshipper of Cheibriados the Contemplative
  4931 | D:3      | Reached skill level 5 in Transmutations
  5037 | D:3      | HP: 1/45 [mummy (10)]
  5038 | D:3      | Mangled by a worker ant

Skill      XL: |  1  2  3  4  5  6  7 |
---------------+----------------------+-----
Fighting       | 2 |  2.4
Unarmed Combat | 4 |  4.0
Stealth        | 2 4 6 |  6.8
Transmutations | 3 4 5 |  5.2
Dodging        | |  2.0
Spellcasting   | |  2.0

Action                   |  1- 3 |  4- 6 |  7- 9 || total
-------------------------+-------+-------+-------++-------
Melee: Unarmed           |    32 |       |       ||    32
       Constrict         |    14 |    22 |    12 ||    48
       Tentacles         |    10 |    19 |     5 ||    34
       Punch             |     3 |     2 |       ||     5
       Short sword       |    43 |   146 |    30 ||   219
       Kick              |     2 |    12 |    16 ||    30
       Dagger            |       |       |    16 ||    16
 Cast: Beastly Appendage |     1 |     8 |     7 ||    16
       Sticks to Snakes  |       |     3 |     4 ||     7
  Use: Scroll            |     2 |       |       ||     2
       Potion            |       |       |     1 ||     1
 Stab: Sleeping          |    10 |    13 |       ||    23
  Eat: Chunk             |     8 |    14 |    10 ||    32
Armor: Skin              |     9 |    34 |     8 ||    51
Dodge: Dodged            |    41 |    84 |    59 ||   184
